 Dungeon Crawl Stone Soup version 0.24.0-41-g2ae2f7f1be (webtiles) character file.

Game seed: 10424261631396013016, levelgen mode: deterministic

114 H0rd4k the Magician (level 4, -5/24 HPs)
             Began as a Deep Elf Wizard on Dec 11, 2019.
             Slain by a gnoll
             ... wielding a +0 flail
              (11 damage)
             ... on level 2 of the Dungeon.
             The game lasted 00:06:13 (2672 turns).

H0rd4k the Magician (Deep Elf Wizard)               Turns: 2672, Time: 00:06:13

Health: -5/24      AC:  2    Str:  4    XL:     4   Next: 66%
Magic:  1/14       EV: 13    Int: 24    God:
Gold:   120        SH:  0    Dex: 13    Spells: 6/15 levels left

rFire    . . .     SeeInvis .   g - +1 short sword (drain)
rCold    . . .     Gourm    .   (no shield)
rNeg     . . .     Faith    .   a - +0 robe
rPois    .         Spirit   .   b - +0 hat
rElec    .         Reflect  .   (no cloak)
rCorr    .         Harm     .   (no gloves)
MR       .....                  (no boots)
Stlth    ++........             (no amulet)
HPRegen  0.08/turn              (no ring)
MPRegen  0.14/turn              (no ring)

@: flying
A: no striking features
a: no special abilities


You were on level 2 of the Dungeon.
You were not hungry.

You visited 1 branch of the dungeon, and saw 3 of its levels.

You collected 120 gold pieces.

Inventory:

Hand Weapons
 g - a +1 short sword of draining (weapon)
Missiles
 j - 6 atropa-tipped darts (quivered)
 n - 6 poisoned darts
Armour
 a - a +0 robe (worn)
 b - a +0 hat (worn)
Jewellery
 m - an uncursed ring of stealth {unknown}
Scrolls
 e - 2 scrolls of remove curse {unknown}
 i - a scroll of enchant weapon {unknown}
 k - 2 scrolls of magic mapping {unknown}
 l - 2 scrolls of identify {unknown}
Potions
 c - a potion of haste {unknown}
 h - a potion of curing {unknown}
Comestibles
 d - 3 rations


   Skills:
 + Level 0.2 Fighting
 + Level 3.6 Dodging
 + Level 3.1 Stealth
 + Level 6.1 Spellcasting
 + Level 1.7 Conjurations
   Level 1.1 Summonings
 + Level 1.1 Translocations


You had 6 spell levels left.
You knew the following spells:

 Your Spells              Type           Power        Failure   Level  Hunger
a - Magic Dart            Conj           ###.         3%          1    None
b - Blink                 Tloc           N/A          8%          2    None
c - Conjure Flame         Conj/Fire      ##......     16%         3    #......
d - Mephitic Cloud        Conj/Pois/Air  ##......     19%         3    #......

Your spell library contained the following spells:

 Spells                   Type           Power        Failure   Level  Hunger
 Call Imp                 Summ           ##......     8%          2    None
 Slow                     Hex            #.......     12%         2    None


Dungeon Overview and Level Annotations

Branches:
Dungeon (3/15)

Altars:
Gozag
Zin

Annotations:
D:2 exclusion: 2 downstairs, Sigmund, Terence


Message History

You blink.
You aren't carrying any items that you can evoke.
The gnoll misses you. The gnoll barely misses you.
Your magical contamination has completely faded away.
The gnoll closely misses you.
Casting: Blink (safe; 8% risk of failure)
Confirm with . or Enter, or press ? or * to list all spells.
You blink.
The gnoll closely misses you. The gnoll completely misses you.
The gnoll misses you. The gnoll closely misses you.
The gnoll hits you with a +0 flail!
Ouch! That really hurt!
* * * LOW HITPOINT WARNING * * *
It was a potion of flight.
You feel very buoyant.
You fly up into the air.
The gnoll is no longer moving quickly.
The gnoll hits you with a +0 flail!
You die...

.......................#.#
...................##.##.#
......#..####.##§#.##.##.#
..##..#..# #....#.##.##.# ###
(..##.#..####.####÷...##.# #.#
.###.....##.#.# #..#.##.#####.#
...###.......<# #.............#
####.....##.######....##.#####.#
...####..##....g@.<......# #.#
.###.....##..####.......## #.#
...###.......####.#....#######.#
..##...........................#
...##........####.##...#########
.#...........##.............#
.#.......##..##.#.##...######
.##.....................#
.+......................####


You could see a gnoll.

Vanquished Creatures
  A gnoll shaman (D:3)
  2 gnolls (D:3)
  2 oozes (D:1)
  A worm (D:2)
  2 dart slugs
  A leopard gecko (D:2)
  5 giant cockroaches
  6 goblins
  2 hobgoblins (D:2)
  8 jackals
  A quokka (D:2)
  2 ball pythons (D:1)
  4 bats
  3 frilled lizards
  4 kobolds
  7 rats
51 creatures vanquished.

Notes
Turn   | Place    | Note
-------+----------+-------------------------------------------
     0 | D:1      | H0rd4k the Deep Elf Wizard began the quest for the Orb.
     0 | D:1      | Reached XP level 1. HP: 10/10 MP: 7/7
   223 | D:1      | Reached skill level 5 in Spellcasting
   223 | D:1      | Reached XP level 2. HP: 8/15 MP: 0/10
   940 | D:2      | Reached XP level 3. HP: 19/19 MP: 7/11
   944 | D:2      | Learned a level 2 spell: Blink
   948 | D:2      | Learned a level 3 spell: Conjure Flame
   952 | D:2      | Learned a level 3 spell: Mephitic Cloud
  1488 | D:2      | Noticed Natasha
  1490 | D:2      | Noticed Terence
  1553 | D:2      | Found an opulent altar of Gozag.
  1554 | D:2      | Noticed Sigmund
  1914 | D:3      | Found a glowing silver altar of Zin.
  2195 | D:3      | Reached XP level 4. HP: 17/24 MP: 0/13
  2344 | D:3      | Reached skill level 6 in Spellcasting
  2672 | D:2      | Slain by a gnoll

Levels and vault maps discovered:
D:1:      psy_arrival_terrarium, layout_basic, minmay_pentomino_o2
D:2:      layout_basic, grunt_gozag_statues, hex_intersection,
          minmay_worlds_worst_comb, uniq_natasha, uniq_terence, uniq_sigmund
D:3:      lemuel_castle_with_subvaults [lemuel_castle_interior_carwin_3],
          layout_loops_ring, lemuel_crystal_altar, kennysheep_flooded_box

Skill      XL: |  1  2  3  4 |
---------------+-------------+-----
Spellcasting   | 5 6 |  6.1
Stealth        | 3 |  3.1
Dodging        | 3 |  3.6
Fighting       | |  0.2
Conjurations   | |  1.7
Summonings     | |  1.1
Translocations | |  1.1

Action                   |  1- 3 |  4- 6 || total
-------------------------+-------+-------++-------
 Cast: Magic Dart        |   139 |    42 ||   181
       Conjure Flame     |     1 |     1 ||     2
       Blink             |       |     2 ||     2
  Use: Potion            |       |     1 ||     1
  Eat: Chunk             |     4 |     1 ||     5
Armor: Robe              |     9 |     1 ||    10
Dodge: Dodged            |    17 |    15 ||    32
